 Dungeon Crawl Stone Soup version 0.29-a0-925-g0a7a3d12f8 (webtiles) character file.

Game seed: 18200892804994137609

24522 avis the Skirmisher (level 12, -7/106 HPs)
             Began as a Demigod Ice Elementalist on July 27, 2022.
             Mangled by a death yak (21 damage)
             ... on level 5 of the Lair of Beasts on July 29, 2022.
             The game lasted 02:06:59 (18322 turns).

avis the Skirmisher (Demigod Ice Elementalist)     Turns: 18322, Time: 02:07:00

Health: -7/106     AC:  8    Str:  9    XL:     12   Next: 47%
Magic:  19/23      EV: 23    Int: 17    God:
Gold:   685        SH:  0    Dex: 36    Spells: 14/21 levels left

rFire   x . .      SeeInvis .   v - +4 dagger (venom)
rCold   + . .      Faith    .   (no shield)
rNeg    . . .      Spirit   .   o - +1 leather armour "Alixkuc" {Slay+3}
rPois   .          Reflect  .   B - +1 hat {Will+}
rElec   .          Harm     .   z - scarf {repulsion}
rCorr   .          Rampage  .   s - +2 pair of gloves
Will    ++...                   (no boots)
Stlth   ++++......              P - amulet of regeneration
HPRegen 1.07/turn               n - ring of ice
MPRegen 0.18/turn               d - +6 ring of dexterity

@: repel missiles
A: high MP 1, forlorn, divine attributes
a: no special abilities


You were on level 5 of the Lair of Beasts.
You visited 3 branches of the dungeon, and saw 14 of its levels.

You collected 880 gold pieces.
You spent 195 gold pieces at shops.

Inventory:

Hand Weapons
 a - a +0 shortbow
 b - a +0 scimitar
 h - a +1 short sword of holy wrath
 v - a +4 dagger of venom (weapon)
 w - a +5 great sword
Armour
 o - the +1 leather armour "Alixkuc" (worn) {Slay+3}
   (You found it on level 7 of the Dungeon)

   Slay:      It affects your accuracy & damage with ranged weapons and melee
   (+3).
 s - a +2 pair of gloves (worn)
 z - a scarf of repulsion (worn)
 B - a +1 hat of willpower (worn)
Jewellery
 d - a +6 ring of dexterity (right hand)
 n - a ring of ice (left hand)
 P - an amulet of regeneration (around neck)
Wands
 p - a wand of polymorph (5)
 J - a wand of roots (10)
 O - a wand of flame (65)
 V - a wand of quicksilver (15)
 Z - a wand of charming (9)
Scrolls
 c - a scroll of fog
 e - 4 scrolls of noise {unknown}
 f - 6 scrolls of teleportation {unknown}
 g - a scroll of vulnerability {unknown}
 j - 3 scrolls of blinking {unknown}
 k - 2 scrolls of immolation {unknown}
 l - a scroll of magic mapping {unknown}
 m - 2 scrolls of torment {unknown}
 r - 4 scrolls of enchant weapon {unknown}
 u - a scroll of acquirement {unknown}
 C - a scroll of amnesia {unknown}
 D - 2 scrolls of fear {unknown}
 E - 4 scrolls of enchant armour {unknown}
 L - a scroll of summoning {unknown}
Potions
 i - 9 potions of curing
 q - a potion of brilliance
 x - a potion of attraction {unknown}
 A - 4 potions of heal wounds
 F - a potion of berserk rage {unknown}
 H - 2 potions of ambrosia
 I - a potion of haste {unknown}
 K - 2 potions of lignification
 Q - a potion of resistance
 T - a potion of might
 Y - a potion of flight {unknown}


   Skills:
 - Level 10.0 Fighting
 * Level 11.7 Ranged Weapons
 - Level 9.0 Dodging
 - Level 5.0 Stealth
 - Level 5.0 Spellcasting
 + Level 8.6 Ice Magic


You had 14 spell levels left.
You knew the following spells:

 Your Spells              Type           Power      Damage    Failure   Level
a - Freeze                Ice            100%       1d11      1%          1
o - Ozocubu's Armour      Ice            50%        N/A       1%          3
r - Frozen Ramparts       Ice            100%       1d12      1%          3

Your spell library contained the following spells:

 Spells                   Type           Power      Damage    Failure   Level
 Apportation              Tloc           8%         N/A       21%         1
 Static Discharge         Conj/Air       4%         3-4/arc   30%         2
 Hailstorm                Conj/Ice       28%        3d8       32%         4
 Dazzling Flash           Conj/Hex       8%         N/A       52%         3
 Tukima's Dance           Hex            4%         N/A       52%         3
 Metabolic Englaciation   Hex/Ice        14%        N/A       67%         5
 Dispel Undead            Necr           4%         3d7       89%         4
 Iskenderun's Mystic Bla  Conj/Tloc      4%         2d3       89%         4
 Passage of Golubria      Tloc           4%         N/A       89%         4
 Sticky Flame             Conj/Fire      4%         2d3       89%         4
 Alistair's Intoxication  Tmut/Pois      2%         N/A       99%         5
 Yara's Violent Unravell  Hex/Tmut       2%         3d3       99%         5
 Simulacrum               Ice/Necr       14%        N/A       99%         6
 Starburst                Conj/Fire      2%         6d3       100%        6


Dungeon Overview and Level Annotations

Branches:
Dungeon (8/15)             Temple (1/1) D:7            Lair (5/5) D:8
  Swamp (0/4) Lair:2        Snake (0/4) Lair:2
  Slime: Lair:4-5

Shops:
D:3 (   D:5 [(=

Annotations:
Lair:3 deep water hidden areas


Innate Abilities, Weirdness & Mutations

You have an increased reservoir of magic. (+10% MP)
You shall have no god before yourself.
Your divine heritage dramatically boosts your attributes as you level up.


Message History

The dream sheep bites you!!
You wake up.
The dream sheep closely misses you.
You hear a bellow! x2
You barely miss the dream sheep.
The dream sheep is heavily wounded.
You hear a howl!
The dream sheep completely misses you. x3
Casting: Ozocubu's Armour (safe; 1% risk of failure)
Confirm with . or Enter, or press ? or * to list all spells.
Casting: Frozen Ramparts (safe; 1% risk of failure)
Press: ? - help, Dir - look around, f - activate
There is a cloud of grey smoke here.
You feel a surge of power!
The walls around you are covered in ice.
The dream sheep barely misses you.
The wall freezes the death yak.
The wall freezes the dream sheep.
The dream sheep misses you.
The wall freezes the dream sheep.
The dream sheep closely misses you.
Your icy armour and frozen ramparts will break if you move.
Continue? [Y]es or [N]o only, please.
Your icy armour and frozen ramparts will break if you move.
Continue? [Y]es or [N]o only, please.
Your icy armour and frozen ramparts will break if you move.
Continue?
The dream sheep attacks as you move away!
The dream sheep bites you.
The dream sheep attacks as you move away!
The dream sheep misses you.
Your icy armour cracks and falls away as you move.
The frozen ramparts melt away as you move.
The death yak barely misses you.
The dream sheep ruffle their wool and motes of dream dust sparkle, to no effect.
The dream sheep shake their wool and sparkle.
You feel drowsy...
You fall asleep.
The dream sheep bites you!
You wake up.
The dream sheep bites the fungus.
The fungus begins to die.
The dream sheep bites the fungus!
The death yak gores you!!
* * * LOW HITPOINT WARNING * * *
The dream sheep attacks as you move away!
The dream sheep bites you.
* * * LOW HITPOINT WARNING * * *
The dream sheep bites the fungus!
The death yak gores you!!
You die...

## ###.. #.....
.#.... ......
.....# .....# .
......
..###########
......
......§.§@..#
...P..
.....P#§YY..#
...P.≈
......PY##...#
.....≈
≈......Y§Y...#
....≈≈
≈≈≈.≈..Y..Y..#
....≈≈
≈≈≈≈≈........#
...≈≈≈
≈≈≈≈≈..#P.....#
. .≈≈ ≈.≈≈≈..
####... ..
.≈≈≈≈.# ..#


You could see 2 death yaks and 3 dream sheep.

Vanquished Creatures
  Gastronok (Lair:2)
  2 boulder beetles (Lair:3)
  4 hydras
  A two-headed ogre (D:8)
  4 death yaks
  A lindwurm (Lair:4)
  2 bog bodies (Lair:2)
  3 black mambas
  7 cane toads
  3 rime drakes
  6 komodo dragons
  A polar bear (Lair:3)
  A dream sheep (Lair:5)
  13 blink frogs
  16 yaks
  3 basilisks
  2 vampire mosquitoes (D:8)
  2 steam dragons
  4 nagas (Lair:2)
  9 water moccasins
  A black bear (D:6)
  A sky beast (D:7)
  An ice beast (D:7)
  An ogre (D:6)
  3 centaurs
  2 phantoms
  A necrophage (D:6)
  8 bullfrogs
  4 scorpions
  8 wights
  2 howler monkeys (D:6)
  3 jellies
  4 hounds
  5 orc priests
  Ijyb (D:5)
  6 orc wizards
  5 iguanas
  5 gnolls
  5 adders
  2 white imps
  2 ufetubi
  3 worms
  3 dart slugs
  29 orcs
  6 endoplasms
  8 giant cockroaches
  4 goblins (D:2)
  8 hobgoblins
  4 jackals
  9 quokkas
  9 ball pythons
  7 bats
  9 kobolds
  6 rats
260 creatures vanquished.

Vanquished Creatures (others)
  A bush (D:4)
  7 fungi
  23 plants
31 creatures vanquished.

Grand Total: 291 creatures vanquished

Notes
Turn   | Place    | Note
-------+----------+-------------------------------------------
     0 | D:1      | avis the Demigod Ice Elementalist began the quest for the
                  | Orb.
     0 | D:1      | Reached XP level 1. HP: 14/14 MP: 5/5
    68 | D:1      | Reached skill level 1 in Fighting
    68 | D:1      | Reached XP level 2. HP: 15/23 MP: 0/7
   905 | D:1      | Reached XP level 3. HP: 29/29 MP: 6/8
  1774 | D:2      | Learned a level 3 spell: Ozocubu's Armour
  2586 | D:2      | Reached XP level 4. HP: 10/47 MP: 6/9
  2596 | D:2      | Reached XP level 5. HP: 17/52 MP: 7/10
  2962 | D:2      | Learned a level 3 spell: Frozen Ramparts
  3212 | D:3      | Found Kyorres's Weapon Boutique.
  4350 | D:4      | Reached XP level 6. HP: 31/60 MP: 2/11
  6022 | D:5      | Entered Level 5 of the Dungeon
  6317 | D:5      | Found Vuke's Jewellery Shoppe.
  6370 | D:5      | Reached XP level 7. HP: 65/68 MP: 2/13
  6604 | D:5      | Reached skill level 1 in Ranged Weapons
  6711 | D:5      | Reached skill level 2 in Ranged Weapons
  7012 | D:5      | Found Uxoitt Xusk's Weapon Shop.
  7031 | D:5      | Bought a throwing net for 30 gold pieces
  7041 | D:5      | Noticed Ijyb
  7053 | D:5      | Killed Ijyb
  7347 | D:5      | Reached skill level 3 in Ranged Weapons
  7500 | D:5      | Found Kakutec's Antique Armour Shoppe.
  7504 | D:5      | Bought a glowing helmet for 165 gold pieces
  8017 | D:6      | Noticed a steam dragon
  8031 | D:6      | Reached skill level 4 in Ranged Weapons
  8035 | D:6      | Reached XP level 8. HP: 67/74 MP: 2/14
  8039 | D:6      | Reached skill level 5 in Ranged Weapons
  8635 | D:6      | Reached skill level 6 in Ranged Weapons
  9376 | D:7      | Found a staircase to the Ecumenical Temple.
  9435 | Temple   | Entered the Ecumenical Temple
  9435 | Temple   | Found a transporter.
  9435 | Temple   | Found a transporter.
  9437 | Temple   | Found a transporter.
  9437 | Temple   | Found a transporter.
  9648 | D:7      | Identified the +1 leather armour "Alixkuc" {Slay+3}
  9700 | D:7      | Reached XP level 9. HP: 81/81 MP: 5/16
 10465 | D:8      | Reached skill level 5 in Ice Magic
 10796 | D:8      | Found a staircase to the Lair.
 10796 | D:8      | Noticed a komodo dragon
 10849 | D:8      | Killed a komodo dragon
 10938 | D:8      | Reached skill level 7 in Ranged Weapons
 11136 | D:8      | Noticed a two-headed ogre
 11148 | D:8      | Killed a two-headed ogre
 11345 | Lair:1   | Entered Level 1 of the Lair of Beasts
 11521 | Lair:1   | Noticed a cane toad
 11541 | Lair:1   | Noticed a rime drake
 11551 | Lair:1   | Killed a rime drake
 11552 | Lair:1   | Reached skill level 8 in Ranged Weapons
 11556 | Lair:1   | Killed a cane toad
 11557 | Lair:1   | Reached XP level 10. HP: 36/88 MP: 8/17
 12955 | Lair:2   | Noticed a bog body
 12955 | Lair:2   | Noticed a death yak
 12955 | Lair:2   | Noticed a death yak
 12955 | Lair:2   | Noticed a death yak
 12955 | Lair:2   | Noticed a death yak
 12974 | Lair:1   | Killed a death yak
 13478 | Lair:2   | Killed a death yak
 13479 | Lair:2   | Reached skill level 9 in Ranged Weapons
 13586 | Lair:2   | Killed a death yak
 13587 | Lair:2   | Reached XP level 11. HP: 74/97 MP: 5/20
 13705 | Lair:2   | Noticed Gastronok
 13745 | Lair:2   | Killed Gastronok
 13746 | Lair:2   | Reached skill level 10 in Ranged Weapons
 13869 | Lair:2   | Noticed a five-headed hydra
 13882 | Lair:2   | Killed a five-headed hydra
 14139 | Lair:2   | Noticed a bog body
 14167 | Lair:2   | Killed a bog body
 14168 | Lair:2   | Reached skill level 5 in Stealth
 14246 | Lair:2   | Found a staircase to the Snake Pit.
 14341 | Lair:2   | Killed a bog body
 14342 | Lair:2   | Reached skill level 5 in Spellcasting
 14352 | Lair:2   | Killed a death yak
 14510 | Lair:2   | Found a staircase to the Swamp.
 15099 | Lair:2   | Noticed a seven-headed hydra
 15116 | Lair:2   | Killed a seven-headed hydra
 15777 | Lair:3   | Noticed a boulder beetle
 15788 | Lair:3   | Killed a boulder beetle
 15789 | Lair:3   | Reached XP level 12. HP: 86/106 MP: 18/23
 15846 | Lair:3   | Reached skill level 10 in Fighting
 15846 | Lair:3   | Upgraded the game from 0.29-a0-923-g6e406bff71 to
                  | 0.29-a0-925-g0a7a3d12f8
 16184 | Lair:3   | Noticed a boulder beetle
 16224 | Lair:3   | Killed a boulder beetle
 16816 | Lair:4   | Noticed a five-headed hydra
 16894 | Lair:3   | Killed a five-headed hydra
 16895 | Lair:3   | Reached skill level 11 in Ranged Weapons
 17431 | Lair:4   | Noticed a four-headed hydra
 17438 | Lair:4   | Killed a four-headed hydra
 17483 | Lair:4   | Identified the +2 halberd of the Three Defenders {vorpal,
                  | Drain rPois MP+9 Str+4}
 18274 | Lair:5   | Entered Level 5 of the Lair of Beasts
 18322 | Lair:5   | Mangled by a death yak

Illustrated notes

Levels and vault maps discovered:
D:1:      dpeg_arrival_round_a, layout_basic,
          shapermc_ecumenical_altar_totnotflames, serial_bayou_pond_d,
          nicolae_grassy_gnolls
D:2:      layout_loops_corners, kennysheep_path_1, grunt_ministairs_12,
          minmay_circled_x
D:3:      layout_basic, serial_shops,
          nicolae_shop_temple_entry_statues_fountains, minmay_joined_circles
D:4:      minmay_recursive_quarters, layout_rooms,
          chequers_temple_overflow_statue_of_worship, serial_forest,
          infiniplex_forest_pool, infiniplex_forest_clump_medium,
          infiniplex_forest_straight_2, infiniplex_forest_lined_2,
          infiniplex_forest_clump_double, infiniplex_forest_side_room,
          infiniplex_forest_end_3, infiniplex_forest_clump_diagonal,
          infiniplex_forest_straight_4
D:5:      layout_loops_ring, serial_shops, nicolae_shop_trees,
          nicolae_shop_stone, shop, minmay_bent, uniq_ijyb
D:6:      layout_basic, lemuel_crystal_altar
D:7:      layout_cave_pools, minmay_temple_entry_trees
D:8:      layout_loops_ring, nicolae_ru_path_of_blood, david_lair_shrubbed,
          minivault_21
Temple:   hellmonk_temple_divided_pantheon
Lair:1:   layout_cave_pods
Lair:2:   layout_hall_layers, skrybe_swamp_entry_bodies,
          guppyfry_snake_entry_island, st_stairs_9, lemuel_fruit_fields,
          uniq_gastronok
Lair:3:   layout_regular_city, chequers_serial_rivers_large_a
Lair:4:   cheibrodos_lair_river_kwai, layout_hall_layers, lemuel_fruit_tree
Lair:5:   due_jungle_book, layout_gridlike, minmay_slime_entry_oklob_enclosed,
          portal_ice_cave_entry_imps, nicolae_lair_grove_arrangements,
          minivault_25, nicolae_quartered_pool_super,
          nicolae_lair_run_with_the_wolves, infiniplex_staircase_pool_2

Skill      XL: |  1  2  3  4  5  6  7  8  9 10 11 12 |
---------------+-------------------------------------+-----
Fighting       | 1 2 7 8 9 10 | 10.0
Dodging        | 2 7 8 9 |  9.0
Spellcasting   | 2 3 4 5 |  5.0
Ice Magic      | 4 5 6 8 |  8.6
Ranged Weapons | 4 6 8 9 10 11 | 11.7
Stealth        | 2 3 4 5 |  5.0

Action                   |  1- 3 |  4- 6 |  7- 9 | 10-12 || total
-------------------------+-------+-------+-------+-------++-------
Melee: Flail             |     1 |   111 |       |       ||   112
       Dagger            |    25 |     7 |       |     9 ||    41
       Punch             |       |       |       |     1 ||     1
 Fire: Sling             |       |     6 |       |       ||     6
       Shortbow          |       |     3 |   269 |   322 ||   594
 Cast: Freeze            |    56 |    33 |     2 |    51 ||   142
       Ozocubu's Armour  |     1 |    17 |    45 |    51 ||   114
       Frozen Ramparts   |       |    19 |    42 |    56 ||   117
  Use: Potion            |     2 |     2 |     2 |     2 ||     8
       Scroll            |       |       |     5 |     3 ||     8
 Stab: Sleeping          |     4 |     6 |       |     1 ||    11
       Distracted        |       |     1 |       |       ||     1
Armor: Robe              |    11 |    46 |    38 |       ||    95
       Leather armour    |       |       |    14 |    85 ||    99
Dodge: Dodged            |    50 |   115 |   154 |   176 ||   495
Block: Buckler           |     4 |    21 |       |       ||    25

Table legend: (Time is in decaauts)
 A = Elapsed time spent in this place.
 B = Non-inter-level travel time spent in this place.
 C = Inter-level travel time spent in this place.
 D = Time resting spent in this place.
 E = Time spent auto-exploring this place.
 F = Levels seen in this place.
 G = Mean time per level.
                   A        B        C        D        E       F      G
               +--------+--------+--------+--------+--------+-----+--------+
         Total |  18546 |  16769 |   1777 |   6305 |   6589 |  14 | 1324.7 |
       Dungeon |  11549 |  10582 |    967 |   3955 |   4660 |   8 | 1443.6 |
        Temple |     54 |     52 |      2 |      0 |      0 |   1 |   54.0 |
          Lair |   6942 |   6135 |    807 |   2350 |   1929 |   5 | 1388.4 |
               +--------+--------+--------+--------+--------+-----+--------+

Top non-repeatable levels by time:
  Lair:2: 2457 daAuts
     D:4: 2116 daAuts
     D:2: 1769 daAuts
     D:5: 1764 daAuts
  Lair:1: 1748 daAuts
     D:6: 1533 daAuts
  Lair:3: 1467 daAuts
  Lair:4: 1245 daAuts
     D:3: 1187 daAuts
     D:1: 1114 daAuts
     D:8: 1088 daAuts
     D:7: 975 daAuts
  Temple: 54 daAuts
  Lair:5: 24 daAuts
